 Dungeon Crawl Stone Soup version 0.20-a0-1058-g0491fde (webtiles) character file.

23 Alarkh the Insei (level 2, 0/22 HPs)
             Began as a Demonspawn Transmuter on Apr 26, 2017.
             Slain by a ball python (1 damage)
             ... on level 2 of the Dungeon.
             The game lasted 00:00:46 (863 turns).

Alarkh the Insei (Demonspawn Transmuter)             Turns: 863, Time: 00:00:46

Health: 0/22       AC:  2    Str: 10    XL:     2   Next: 72%
Magic:  5/5        EV:  9    Int: 14    God:
Gold:   11         SH:  0    Dex: 13    Spells: 4/5 levels left

rFire    . . .     SeeInvis .     - Unarmed
rCold    . . .     Gourm    .   (no shield)
rNeg     . . .     Faith    .   b - +0 robe
rPois    .         Spirit   .   (no helmet)
rElec    .         Reflect  .   (no cloak)
rCorr    .         Harm     .   (no gloves)
MR       .....                  (no boots)
Stlth    ++........             (no amulet)
Regen    0.1/turn               (no ring)
MPRegen  0.1/turn               (no ring)

@: constricted
A: nightstalker 1
a: no special abilities


You were on level 2 of the Dungeon.
You were not hungry.

You visited 1 branch of the dungeon, and saw 2 of its levels.

You collected 11 gold pieces.

Inventory:

Missiles
 a - 12 arrows
Armour
 b - a +0 robe (worn)
Scrolls
 e - 3 scrolls of remove curse {unknown}
 j - a scroll of identify {unknown}
Potions
 g - 3 potions of heal wounds {unknown}
 h - a potion of lignification {unknown}
 i - a potion of curing {unknown}
Books
 c - a book of Changes

   Spells                             Type                      Level
   a - Beastly Appendage              Transmutation                1
   b - Sticks to Snakes               Transmutation                2
   c - Spider Form                    Transmutation/Poison         3
   d - Ice Form                       Ice/Transmutation            4
   e - Blade Hands                    Transmutation                5
Comestibles
 d - 2 bread rations
 f - 4 fruits


   Skills:
 + Level 1.9 Fighting
 + Level 2.1 Dodging
 * Level 3.0 Unarmed Combat
 - Level 2.0 Spellcasting
 - Level 1.7 Transmutations


You had 4 spell levels left.
You knew the following spells:

 Your Spells              Type           Power        Failure   Level  Hunger
a - Beastly Appendage     Tmut           #.....       12%         1    ##.....


Dungeon Overview and Level Annotations

Branches:
Dungeon (2/15)

Altars:


Innate Abilities, Weirdness & Mutations

You are slightly more attuned to the shadows.


Message History

The jackal barely misses you.
The ball python bites you but does no damage.
The ball python constricts you.
You barely miss the ball python. The jackal bites you.
* * * LOW HITPOINT WARNING * * *
The jackal bites you but does no damage.
The ball python barely misses you. The ball python constricts you.
The jackal closely misses you.
You closely miss the ball python. The jackal bites you.
* * * LOW HITPOINT WARNING * * *
The ball python bites you.
* * * LOW HITPOINT WARNING * * *
x2 The ball python constricts you.
The jackal closely misses you. The jackal bites you.
* * * LOW HITPOINT WARNING * * *
You escape the ball python's grasp.
The ball python barely misses you. The ball python grabs you.
The ball python constricts you.
The ball python's grasp on you weakens, but your attempt to escape fails.
The jackal closely misses you. The ball python bites you.
You die...

# . ##.# ..
..... ..w
###..... ....
#(......
.....##S####.#
#.hh@......
....#S######.#
## ... $...#
)###. ##


You could see an adder, 2 jackals and a ball python.

Vanquished Creatures
  A dart slug (D:1)
  2 leopard geckos (D:1)
  A bat (D:1)
  A giant cockroach (D:1)
  A goblin (D:1)
  A hobgoblin (D:1)
  8 kobolds
  4 rats
19 creatures vanquished.

Notes
Turn   | Place    | Note
-------+----------+-------------------------------------------
     0 | D:1      | Alarkh the Demonspawn Transmuter began the quest for the Orb.
     0 | D:1      | Reached XP level 1. HP: 15/15 MP: 3/3
   308 | D:1      | Gained mutation: You are slightly more attuned to the shadows. [demonic ancestry]
   308 | D:1      | Reached XP level 2. HP: 21/21 MP: 5/5
   382 | D:1      | Reached skill level 3 in Unarmed Combat
   861 | D:2      | HP: 1/22 [jackal (1)]
   863 | D:2      | Slain by a ball python

Vault maps used:
D:1:      minmay_arrival_solitary_statue

Skill      XL: |  1  2 |
---------------+-------+-----
Dodging        | 2 |  2.1
Unarmed Combat | 3 |  3.0
Fighting       | |  1.9
Spellcasting   | |  2.0
Transmutations | |  1.7

Action                   || total
-------------------------++-------
Melee: Unarmed           ||   100
       Kick              ||     4
       Punch             ||     2
 Cast: Beastly Appendage ||     4
 Stab: Sleeping          ||     5
Armor: Robe              ||    17
Dodge: Dodged            ||    86
